 Dungeon Crawl Stone Soup version 0.19-a0-713-g934ebc7 (webtiles) character file.

66 Catbag the Chopper (level 3, -3/33 HPs)
             Began as a Minotaur Fighter on June 20, 2016.
             Slain by Gorice's ghost (5 damage)
             ... on level 3 of the Dungeon.
             The game lasted 00:03:37 (1691 turns).

Catbag the Chopper (Minotaur Fighter)               Turns: 1691, Time: 00:03:39

Health: -3/33      AC:  7    Str: 20    XL:     3   Next: 96%
Magic:  2/2        EV:  7    Int:  5    God:
Gold:   98         SH: 15    Dex: 10    Spells: 0 memorised, 2 levels left

rFire  . . .     SeeInvis .     a - +1 war axe
rCold  . . .     Gourm    .     b - +0 scale mail
rNeg   . . .     Faith    .     c - +1 shield
rPois  .         Spirit   .     (helmet restricted)
rElec  .         Dismiss  .     (no cloak)
rCorr  .         Reflect  +     (no gloves)
SustAt .         Harm     .     (no boots)
MR     .....                    o - +5 amulet of reflection
Stlth  ..........               (no ring)
                                (no ring)

@: not resistant to hostile enchantments, extremely unstealthy
A: retaliatory headbutt, horns 2
a: no special abilities


You were on level 3 of the Dungeon.
You were very full.

You visited 1 branch of the dungeon, and saw 3 of its levels.

You collected 98 gold pieces.

Inventory:

Hand Weapons
 a - a +1 war axe (weapon)
 e - a +0 hunting sling
 h - a +0 hunting sling
Missiles
 j - 90 stones (quivered)
Armour
 b - a +0 scale mail (worn)
 c - a +1 shield (worn)
Jewellery
 o - a +5 amulet of reflection (around neck)
Scrolls
 f - a scroll of blinking
 i - a scroll of remove curse
 q - a scroll of teleportation
Potions
 d - a potion of might
 g - a potion of magic {unknown}
 l - 5 potions of curing {unknown}
 n - a potion of lignification {unknown}
 p - a potion of haste {unknown}
Comestibles
 k - 3 meat rations
 m - 2 royal jellies


   Skills:
 - Level 3.9 Fighting
 + Level 4.6 Axes
 - Level 3.8 Armour
 - Level 0.2 Dodging
 - Level 3.8 Shields


You had 2 spell levels left.
You didn't know any spells.

Dungeon Overview and Level Annotations

Branches:
Dungeon (3/15)

Altars:
Dithmenos
Fedhas
Hepliaklqana
Kikubaaqudgha

Annotations:
D:3 Gorice's ghost, amateur DsNe


Innate Abilities, Weirdness & Mutations

You reflexively headbutt those who attack you in melee.
You have a pair of horns on your head.


Message History

Gorice's ghost is heavily damaged.
Gorice's ghost hits you.
Gorice's ghost hits you but does no damage.
You slash Gorice's ghost! You headbutt Gorice's ghost.
Gorice's ghost is severely damaged.
You block Gorice's ghost's attack.
Your shield and scale mail prevent you from hitting Gorice's ghost.
Gorice's ghost is severely damaged.
Gorice's ghost is infused with unholy energy.
Gorice's ghost draws life force from you and is healed!
You barely miss Gorice's ghost.
Gorice's ghost is heavily damaged.
Gorice's ghost hits you but does no damage.
You barely miss Gorice's ghost.
Gorice's ghost is heavily damaged.
Gorice's ghost is infused with unholy energy.
* * * LOW HITPOINT WARNING * * *
Gorice's ghost draws life force from you and is healed!
Gorice's ghost hits you.
You die...

##...## ##.....## ..
#.......# ... #.<.....#
#########..
#.......#####........# .
##...................#.#
#.......#####...........
#.......#####.#.#....##.
#.......#.@W((._......((
##........###.#.#.......
##...#.....#........##.
#####.....#.........#
##########.....#.........#
....#......................
..................#########
..................#...
...............####..


You could see Gorice's ghost.

Vanquished Creatures
  An adder (D:2)
  A worm (D:2)
  2 dart slugs (D:1)
  2 giant geckos (D:2)
  2 giant cockroaches
  3 hobgoblins
  2 jackals (D:1)
  5 bats
  11 giant newts
  10 goblins
  5 kobolds
  5 rats
49 creatures vanquished.

Notes
Turn   | Place    | Note
--------------------------------------------------------------
     0 | D:1      | Catbag the Minotaur Fighter began the quest for the Orb.
     0 | D:1      | Reached XP level 1. HP: 19/19 MP: 0/0
   215 | D:1      | Reached XP level 2. HP: 27/27 MP: 1/1
   495 | D:1      | Reached skill level 3 in Axes
   813 | D:2      | Reached XP level 3. HP: 22/33 MP: 2/2
   817 | D:2      | Found a blossoming altar of Fedhas.
  1009 | D:2      | Reached skill level 4 in Axes
  1289 | D:2      | Found a shadowy altar of Dithmenos.
  1596 | D:3      | Found an ancient bone altar of Kikubaaqudgha.
  1665 | D:3      | Found a hazy altar of Hepliaklqana.
  1670 | D:3      | Noticed Gorice's ghost (amateur DsNe)
  1691 | D:3      | Slain by Gorice's ghost

Vault maps used:
D:1:      saegor_arrival_simple_d, minmay_statues_item, minmay_newt_pond
D:2:      forest_paths, grunt_dithmenos_smoke, lemuel_crystal_altar,
          minmay_parallelograms, st_stairs_5
D:3:      kiku_gazebo_garden_becter, lemuel_crystal_altar

Skill      XL: |  1  2  3 |
---------------+----------+-----
Axes           | 3 4 |  4.6
Fighting       | |  3.9
Armour         | |  3.8
Dodging        | |  0.2
Shields        | |  3.8

Action                   || total
-------------------------++-------
Melee: War axe           ||   117
       Headbutt          ||    16
Throw: Stone             ||    11
  Use: Scroll            ||     7
  Eat: Bread ration      ||     2
Armor: Scale mail        ||    38
Dodge: Dodged            ||    40
Block: Shield            ||    72
